 Dungeon Crawl Stone Soup version 0.30.0-29-ga12c61a403 (webtiles) character file.

Game seed: 5034888181080839493

7440 BiteMe the Arsonist (level 10, -8/64 HPs)
             Began as a Demonspawn Fire Elementalist on June 18, 2023.
             Was a Follower of Vehumet.
             Killed themself with a badly aimed concussive blast (13 damage)
             ... on level 10 of the Dungeon on June 19, 2023.
             The game lasted 01:47:20 (16268 turns).

BiteMe the Arsonist (Demonspawn Fire Elementalist) Turns: 16268, Time: 01:47:21

Health: -8/64      AC:  4    Str:  8    XL:     10   Next: 93%
Magic:  7/23       EV: 29    Int: 20    God:    Vehumet [*.....]
Gold:   520        SH:  0    Dex: 15    Spells: 14/27 levels left

rFire   . . .        N - +8 trident of the Octopus King {venom, rElec rPois}
rCold   . . .        (no shield)
rNeg    . . .        E - +1 robe {Will+}
rPois   +            (helmet restricted)
rElec   +            O - scarf {repulsion}
rCorr   .            (no gloves)
SInv    .            h - +0 pair of boots
Will    ++...        v - amulet of the acrobat
Stlth   ++           g - ring of wizardry
HPRegen 0.30/turn    C - ring of willpower
MPRegen 0.18/turn

%: repel missiles, acrobat, wizardry (x1)
@: acrobatic
A: horns 2, ignite blood 1, spiny 2
a: Renounce Religion


You were on level 10 of the Dungeon.
You worshipped Vehumet.
Vehumet was aware of your devotion.
You visited 2 branches of the dungeon, and saw 11 of its levels.

You collected 520 gold pieces.

Inventory:

Hand Weapons
 c - a +2 dagger of speed
 i - a +0 whip of electrocution
 l - a +1 dagger of protection
 o - a +0 long sword
 s - a +1 spear of venom
 u - a +1 heavy spear
 x - a +0 dagger of venom
 y - a +3 spear
 z - a +0 vampiric hand axe
 B - a +1 dagger of flaming
 K - a +0 trident
 L - a +5 dagger
 N - the +8 trident of the Octopus King (weapon) {venom, rElec rPois}
   (You found it on level 9 of the Dungeon)

   rElec:     It insulates you from electricity.
   rPois:     It protects you from poison.
Armour
 a - a +0 robe
 h - a +0 pair of boots (worn)
 r - a scarf of shadows
 w - a +0 kite shield
 E - a +1 robe of willpower (worn)
 O - a scarf of repulsion (worn)
Jewellery
 g - a ring of wizardry (left hand)
 v - an amulet of the acrobat (around neck)
 A - a ring of protection from cold
 C - a ring of willpower (right hand)
Wands
 H - a wand of iceblast (8)
 J - a wand of charming (12)
Scrolls
 b - a scroll of butterflies
 j - a scroll of blinking
 k - a scroll of magic mapping
 F - a scroll of poison
 G - a scroll of immolation {unknown}
Potions
 d - a potion of curing
 e - a potion of berserk rage {unknown}
 f - a potion of lignification {unknown}
 n - a potion of resistance
 p - 2 potions of flight
 q - 3 potions of heal wounds
 t - a potion of cancellation
 D - a potion of haste {unknown}
 I - 3 potions of brilliance


   Skills:
 - Level 0.4 Fighting
 + Level 0.5 Polearms
 * Level 5.8 Dodging
 - Level 1.7 Stealth
 + Level 9.2 Spellcasting
 * Level 6.5 Conjurations
 + Level 0.2 Hexes
 - Level 0.4 Translocations
 * Level 10.0 Fire Magic


You had 14 spell levels left.
You knew the following spells:

 Your Spells              Type           Power      Damage    Failure   Level
a - Foxfire               Conj/Fire      100%       2x1d9     1%          1
b - Scorch                Fire           98%        2d9       1%          2
c - Inner Flame           Hex/Fire       29%        N/A       1%          3
d - Volatile Blastmotes   Fire/Tloc      60%        2d15      1%          3
e - Flame Wave            Conj/Fire      42%        2d11      1%          4

Your spell library contained the following spells:

 Spells                   Type           Power      Damage    Failure   Level
 Freeze                   Ice            36%        1d5       3%          1
 Ensorcelled Hibernation  Hex/Ice        18%        N/A       4%          2
 Ozocubu's Armour         Ice            9%         N/A       9%          3
 Spider Form              Tmut/Pois      9%         N/A       9%          3
 Tukima's Dance           Hex            10%        N/A       9%          3
 Anguish                  Hex/Necr       4%         N/A       26%         4
 Passage of Golubria      Tloc           10%        N/A       26%         4
 Yara's Violent Unravell  Hex/Tmut       4%         3d4       58%         5
 Ozocubu's Refrigeration  Ice            4%         4d8       100%        7


Dungeon Overview and Level Annotations

Branches:
Dungeon (10/15)            Temple (1/1) D:7            Lair (0/5) D:10
    Orc: D:9-12

Altars:
Ashenzari
Cheibriados
Dithmenos
Fedhas
Gozag
Hepliaklqana
Kikubaaqudgha
Makhleb
Nemelex Xobeh
Okawaru
Qazlal
Ru
Sif Muna
Trog
Uskayaw
Vehumet
Wu Jian
Xom
Yredelemnul

Shops:
D:9 :


Innate Abilities, Weirdness & Mutations

You have a pair of horns on your head.
Your demonic aura sometimes causes spilled blood to erupt in flames.
You are mostly covered in sharp spines.


Message History

The cloud of blastmotes explodes!
The concussive blast engulfs the yak!!
The yak is burned terribly!
You kill the yak!
Vehumet accepts your kill. The concussive blast engulfs you!!
* * * LOW HITPOINT WARNING * * *
You are knocked back by the blast.
A yak comes into view.
You hear a shout!
The killer bee buzzes angrily.
You hear a shout!
You hear a bellow!
You hear an angry buzzing noise.
You hear a shout! x2
Casting: Volatile Blastmotes (safe; 1% risk of failure)
Confirm with . or Enter, or press ? or * to list all spells.
A cloud of volatile blastmotes flares up around you!
You hear an angry hiss.
The killer bee is struck by your spines.
The killer bee closely misses you.
The cloud of blastmotes explodes!
The concussive blast engulfs the killer bee!!
You kill the killer bee!
Vehumet accepts your kill.
The concussive blast engulfs the killer bee!
The killer bee is almost dead.
The concussive blast engulfs you.
* * * LOW HITPOINT WARNING * * *
The killer bee is knocked back by the blast.
You are knocked back by the blast.
You hear an angry buzzing noise.
Casting: Volatile Blastmotes (safe; 1% risk of failure)
Confirm with . or Enter, or press ? or * to list all spells.
A cloud of volatile blastmotes flares up around you!
The killer bee attacks as you move away!
The killer bee stings you!
* * * LOW HITPOINT WARNING * * *
The cloud of blastmotes explodes!
The concussive blast engulfs the killer bee!
You kill the killer bee!
Vehumet accepts your kill. The concussive blast engulfs you!
You die...

.... ......................#.....
.... .......<......?.............
.... ............................
.♣.. ..............<.............
♣...######+#######+#######+######
...........# #...............
...†.......# ###...............
...........# ##.................
...#.......# ##.@#######.........
...######..###..## ##.....#.. ##.
##†##Y.## ##....... # #....†##
######## #.....# +.....# #####.#
..# ..#


You could see a yak.

Vanquished Creatures
  Pikel (D:6)
  A komodo dragon (D:9)
  Prince Ribbit (D:5)
  4 wyverns
  19 yaks
  A wraith (D:10)
  A water moccasin (D:9)
  2 orc warriors (D:8)
  A sky beast (D:7)
  An ice beast (D:8)
  3 centaurs
  A lemure (D:6)
  4 phantoms
  2 gnoll sergeants
  4 bullfrogs
  3 scorpions
  4 wights (D:8)
  5 killer bees
  2 howler monkeys (D:6)
  4 bullfrog zombies (D:6)
  3 centaur zombies (D:6)
  5 hounds
  2 bullfrog skeletons (D:6)
  A jelly (D:4)
  An orc priest (D:8)
  A centaur skeleton (D:6)
  Jessica (D:3)
  3 orc wizards
  2 sleepcaps
  7 iguanas
  A killer bee zombie (D:6)
  2 howler monkey skeletons (D:6)
  13 gnolls
  5 adders
  A white imp (D:6)
  2 ufetubi
  A worm (D:3)
  2 dart slugs
  13 orcs
  7 bats
  3 endoplasms
  7 giant cockroaches
  7 goblins
  13 hobgoblins
  4 quokkas
  5 ball pythons
  3 frilled lizards (D:3)
  11 kobolds
  4 rats
194 creatures vanquished.

Vanquished Creatures (collateral kills)
  5 foxfires (D:6)
5 creatures vanquished.

Vanquished Creatures (others)
  493 foxfires
493 creatures vanquished.

Grand Total: 692 creatures vanquished

Notes
Turn   | Place    | Note
-------+----------+-------------------------------------------
     0 | D:1      | BiteMe the Demonspawn Fire Elementalist began the quest for
                  | the Orb.
     0 | D:1      | Reached XP level 1. HP: 13/13 MP: 3/3
   325 | D:1      | Reached skill level 3 in Fire Magic
   479 | D:1      | Gained mutation: You have a pair of small horns on your
                  | head. [demonic ancestry]
   479 | D:1      | Reached XP level 2. HP: 19/19 MP: 0/5
  1111 | D:1      | Learned a level 2 spell: Scorch
  1630 | D:1      | Reached XP level 3. HP: 20/25 MP: 3/6
  3003 | D:2      | You fall into a shaft and drop 2 floors!
  3010 | D:4      | Found a shadowy altar of Dithmenos.
  3356 | D:3      | Reached XP level 4. HP: 25/31 MP: 2/7
  4623 | D:3      | Noticed Jessica
  4628 | D:3      | Killed Jessica
  4701 | D:3      | Gained mutation: You are partially covered in sharp spines.
                  | [demonic ancestry]
  4701 | D:3      | Reached XP level 5. HP: 36/36 MP: 7/10
  5988 | D:4      | Reached skill level 4 in Fire Magic
  6070 | D:4      | Gained mutation: You are mostly covered in sharp spines.
                  | [demonic ancestry]
  6070 | D:4      | Reached XP level 6. HP: 42/42 MP: 2/11
  6562 | D:4      | Found a snail-covered altar of Cheibriados.
  7027 | D:5      | Entered Level 5 of the Dungeon
  7139 | D:5      | Reached XP level 7. HP: 38/47 MP: 8/13
  7211 | D:5      | Noticed Prince Ribbit
  8100 | D:5      | Learned a level 3 spell: Inner Flame
  8104 | D:5      | Learned a level 3 spell: Volatile Blastmotes
  8146 | D:5      | Reached skill level 5 in Spellcasting
  8322 | D:5      | Reached skill level 5 in Fire Magic
  8681 | D:5      | Found an opulent altar of Gozag.
  8737 | D:5      | Learned a level 4 spell: Flame Wave
  8867 | D:5      | Killed Prince Ribbit
  8868 | D:5      | Reached XP level 8. HP: 53/53 MP: 7/16
  8979 | D:6      | HP: 2/53 [phantom (4)]
  8999 | D:6      | Reached skill level 6 in Fire Magic
 10112 | D:6      | Noticed Pikel
 10130 | D:6      | Killed Pikel
 10131 | D:6      | Reached skill level 7 in Fire Magic
 10131 | D:6      | Gained mutation: Your demonic aura sometimes causes spilled
                  | blood to erupt in flames. [demonic ancestry]
 10131 | D:6      | Reached XP level 9. HP: 44/58 MP: 16/19
 11402 | D:7      | Found a staircase to the Ecumenical Temple.
 11414 | Temple   | Entered the Ecumenical Temple
 11505 | Temple   | Became a worshipper of Vehumet
 12146 | D:7      | Found an ornate altar of the Wu Jian Council.
 12517 | D:8      | Reached skill level 5 in Conjurations
 12804 | D:8      | Reached skill level 8 in Fire Magic
 14205 | D:9      | Gained mutation: You have a pair of horns on your head.
                  | [demonic ancestry]
 14205 | D:9      | Reached XP level 10. HP: 46/64 MP: 1/22
 14361 | D:9      | Found the +8 trident of the Octopus King {venom, rElec
                  | rPois}
 14369 | D:9      | Reached skill level 5 in Dodging
 14493 | D:9      | Reached skill level 9 in Fire Magic
 14936 | D:9      | Found Samooc's Book Emporium.
 14952 | D:9      | Reached * piety under Vehumet
 14952 | D:9      | Offered knowledge of Freeze by Vehumet.
 15835 | D:10     | Entered Level 10 of the Dungeon
 16068 | D:10     | Reached skill level 10 in Fire Magic
 16248 | D:10     | Found a staircase to the Lair.
 16268 | D:10     | Killed themself with a badly aimed concussive blast

Illustrated notes

Levels and vault maps discovered:
D:1:      onia_arrival_mini_maze, layout_basic, serial_glass, glass_columns_a,
          glass_columns_b, item_on_display_a, due_unseen_surprise,
          item_on_display_a, serial_park_tiny_pond
D:2:      layout_rooms, minmay_heptomino_w4
D:3:      layout_basic, chequers_serial_rivers_room_b, corner_web_ring,
          kennysheep_jessica_study
D:4:      minmay_chambers_of_fours, layout_basic, mainiacjoe_overflow_two_lobes
D:5:      layout_layer_cave, nicolae_gozag_cash_rules_everything_around_me,
          grunt_decor_cap, uniq_prince_ribbit1
D:6:      layout_basic, kennysheep_little_box, serial_undead, serial_undead_a,
          serial_undead_c, serial_undead_f, serial_undead_b, serial_undead_b,
          serial_undead_c, serial_undead_a, serial_undead_f, uniq_pikel
D:7:      layout_basic, nicolae_wu_jian_glorious_leap,
          minmay_temple_entry_junction
D:8:      layout_loops_cross
D:9:      layout_basic, serial_shops,
          nicolae_shop_temple_entry_statues_fountains
D:10:     minmay_the_grid_octo_tiled_octocenter [minmay_the_grid_octo_clover,
          minmay_the_grid_octo_horde, minmay_the_grid_octo_empty,
          minmay_the_grid_octo_fat_diamond,
          minmay_the_grid_octo_prize_ultimate_mussel_roller,
          minmay_the_grid_square_5x5_bridge, minmay_the_grid_square_5x5_percent,
          minmay_the_grid_square_5x5_inset,
          minmay_the_grid_square_5x5_shuriken], layout_stronghold,
          lair_entry_dummy, hangedman_decor_riveting,
          kennysheep_cross_bottleneck, chequers_garden, abandoned_shop,
          nicolae_figureground_pulse, uniq_sonja
Temple:   minmay_temple_bridge_d

Skill      XL: |  1  2  3  4  5  6  7  8  9 10 |
---------------+-------------------------------+-----
Fire Magic     | 3 4 5 7 8 10 | 10.0
Dodging        | 2 3 4 5 |  5.8
Conjurations   | 2 3 4 5 6 |  6.5
Spellcasting   | 3 4 5 7 8 9 |  9.2
Fighting       | |  0.4
Polearms       | |  0.5
Stealth        | |  1.7
Hexes          | |  0.2
Translocations | |  0.4

Action                     |  1- 3 |  4- 6 |  7- 9 | 10-12 || total
---------------------------+-------+-------+-------+-------++-------
  Melee: Unarmed           |     7 |       |       |       ||     7
         Headbutt          |     2 |     3 |     2 |     1 ||     8
         Long sword        |     3 |     9 |     1 |       ||    13
         Whip              |     2 |       |       |       ||     2
         Spear             |       |       |    10 |       ||    10
         Trident           |       |       |       |    12 ||    12
   Cast: Foxfire           |    74 |    58 |   145 |    25 ||   302
         Scorch            |     2 |    28 |    60 |    34 ||   124
         Volatile Blastmot |       |       |    24 |    14 ||    38
         Flame Wave        |       |       |     2 |       ||     2
         Inner Flame       |       |       |       |     3 ||     3
    Use: Scroll            |       |     7 |     6 |     1 ||    14
         Potion            |       |       |     8 |       ||     8
 Armour: Robe              |    13 |     6 |    14 |     1 ||    34
  Dodge: Dodged            |    41 |    31 |    30 |    10 ||   112
